 Dungeon Crawl Stone Soup version 0.27.0-1-g7a089689b8 (webtiles) character file.

Game seed: 4457190410555730505

170 jimbutter the Shield-Bearer (level 5, -3/33 HPs)
             Began as a Gargoyle Fighter on Aug 3, 2021.
             Slain by a gnoll (8 damage)
             ... on level 3 of the Dungeon.
             The game lasted 00:04:56 (2002 turns).

jimbutter the Shield-Bearer (Gargoyle Fighter)      Turns: 2002, Time: 00:04:57

Health: -3/33      AC: 11    Str: 20    XL:     5   Next: 51%
Magic:  5/5        EV:  7    Int:  9    God:
Gold:   111        SH:  9    Dex:  9    Spells: 4/4 levels left

rFire    . . .     SeeInvis .   a - +0 flail
rCold    . . .     Faith    .   c - +0 kite shield
rNeg     + . .     Spirit   .   b - +0 scale mail
rPois    ∞         Reflect  .   w - +1 hat
rElec    +         Harm     .   (no cloak)
rCorr    .         Rampage  .   (no gloves)
Will     .....                  (no boots)
Stlth    ..........             (no amulet)
HPRegen  0.11/turn              (no ring)
MPRegen  0.09/turn              (no ring)

@: mighty
A: sickness immunity, AC +4, negative energy resistance 1, electricity
resistance, torment resistance 1, petrification resistance
a: no special abilities


You were on level 3 of the Dungeon.
You visited 1 branch of the dungeon, and saw 3 of its levels.

You collected 111 gold pieces.

Inventory:

Hand Weapons
 a - a +0 flail (weapon)
Missiles
 u - 13 poisoned darts (quivered)
Armour
 b - a +0 scale mail (worn)
 c - a +0 kite shield (worn)
 w - a +1 hat (worn)
Jewellery
 n - a ring of magical power
 p - a +6 ring of intelligence
 r - a +6 ring of strength
Scrolls
 e - a scroll of acquirement {unknown}
 f - 2 scrolls of enchant armour {unknown}
 h - 2 scrolls of identify {unknown}
 l - a scroll of teleportation {unknown}
 o - a scroll of fog {unknown}
 q - a scroll of amnesia {unknown}
 t - a scroll of fear {unknown}
Potions
 g - a potion of mutation {unknown}
 i - a potion of brilliance {unknown}
 j - a potion of resistance {unknown}
 k - a potion of magic {unknown}
 m - a potion of invisibility {unknown}
 s - 2 potions of berserk rage {unknown}
 v - a potion of lignification {unknown}


   Skills:
 + Level 4.3 Fighting
 * Level 4.1 Maces & Flails
 - Level 3.2 Armour
 + Level 4.3 Shields


You had 4 spell levels left.
You didn't know any spells.
Your spell library was empty.

Dungeon Overview and Level Annotations

Branches:
Dungeon (3/15)

Altars:


Innate Abilities, Weirdness & Mutations

You are immune to sickness and miasma.
Your stone body is resilient. (AC +4)
You are immune to poison.
You resist negative energy. (rN+)
You are resistant to electric shocks. (rElec)
You are resistant to unholy torment.
You are immune to petrification.


Message History

s - 2 bubbling emerald potions (gained 1)
You open the door.
There is an open door here.
There is an escape hatch in the floor here. 2 gnolls come into view.
The gnoll shouts!
You hear a shout!
A gnoll comes into view. It is wielding a +0 halberd.
The gnoll shouts!
Found a hunting sling.
The gnoll throws a throwing net.
The throwing net hits you.
You become entangled in the net!
You see here a throwing net.
You struggle against the net.
You struggle against the net.
You rip the net and break free!
The gnoll throws a throwing net.
You block the throwing net.
You see here a throwing net.
The gnoll hits you with a +0 whip.
You sock the gnoll!
You kill the gnoll!
The gnoll hits you but does no damage. You block the gnoll's attack. x2
You see here a +0 whip.
You hit the gnoll.
The gnoll is moderately wounded.
The gnoll hits you with a +0 halberd! The gnoll hits you with a +0 halberd.
You block the gnoll's attack.
The gnoll hits you from afar with a +0 halberd.
You see here a throwing net.
The gnoll hits you with a +0 halberd!
* * * LOW HITPOINT WARNING * * *
You block the gnoll's attack.
You see here a throwing net.
You feel very mighty all of a sudden. The gnoll barely misses you.
You block the gnoll's attack.
You sock the gnoll!
You kill the gnoll!
The gnoll barely misses you. The gnoll hits you with a +0 halberd!
You die...

.#.##.# #.#........#
.#.##(# #.#........#
.#.##.#####.##.......#
.#.##.#.....##.## #..#
.#.##.#.....##..# #..#
.#....#.....###.###..#####.
.†....'....................
#######.....####g##..#####.
......#####.# #@##..#
#####.# ##.# #(##..#
#...#.# #..####.##..######
#...#.####.......##†.......
#...#.#..............#####.
#...#...>.<#.##..##.##
#...###.##.#.##...#.#
'....##.##.#.##.#.#.#####
#....##....#.##+#.......#


You could see a gnoll.

Vanquished Creatures
  2 orc priests (D:3)
  2 gnolls (D:3)
  2 adders (D:2)
  3 worms
  2 dart slugs
  3 orcs (D:3)
  4 endoplasms
  5 giant cockroaches
  4 goblins
  4 hobgoblins
  6 jackals
  5 quokkas
  4 ball pythons
  5 bats
  2 frilled lizards
  2 kobolds
  6 rats
61 creatures vanquished.

Notes
Turn   | Place    | Note
-------+----------+-------------------------------------------
     0 | D:1      | jimbutter the Gargoyle Fighter began the quest for the Orb.
     0 | D:1      | Reached XP level 1. HP: 14/14 MP: 1/1
   162 | D:1      | Reached XP level 2. HP: 19/19 MP: 2/2
   683 | D:2      | Reached XP level 3. HP: 15/24 MP: 3/3
   859 | D:2      | Found a faded altar of an unknown god.
  1059 | D:2      | Reached XP level 4. HP: 26/29 MP: 4/4
  1829 | D:3      | Reached XP level 5. HP: 32/33 MP: 5/5
  2002 | D:3      | Slain by a gnoll

Illustrated notes

Levels and vault maps discovered:
D:1:      arrival_zaba_pyramid, layout_rooms, hex_tiny, feat_on_display
D:2:      layout_rooms, shapermc_ecumenical_altar_mp_vishouse, st_stairs_14,
          minmay_pentomino_pile
D:3:      layout_basic, serial_shops, shop

Skill      XL: |  1  2  3  4  5 |
---------------+----------------+-----
Maces & Flails | 3 4 |  4.1
Shields        | 4 |  4.3
Fighting       | 4 |  4.3
Armour         | |  3.2

Action                   |  1- 3 |  4- 6 || total
-------------------------+-------+-------++-------
Melee: Flail             |   127 |    86 ||   213
  Use: Potion            |       |     1 ||     1
Armor: Scale mail        |    88 |    44 ||   132
Dodge: Dodged            |    52 |    31 ||    83
Block: Kite shield       |    73 |    57 ||   130
